 Dungeon Crawl Stone Soup version 0.28.0 (webtiles) character file.

Game seed: 6587530796191663242

21547 GrayStillPlays the Blocker (level 12, 0/66 HPs)
             Began as a Vine Stalker Fighter on Feb 7, 2022.
             Was a Follower of the Shining One.
             Slain by a boulder beetle (40 damage)
             ... on level 1 of the Lair of Beasts on Feb 8, 2022.
             The game lasted 01:40:33 (13803 turns).

GrayStillPlays the Blocker (Vine Stalker Fighter)  Turns: 13803, Time: 01:40:33

Health: 0/66       AC: 13    Str: 25    XL:     12   Next: 91%
Magic:  0/25       EV: 21    Int: 12    God:    the Shining One [*.....]
Gold:   309        SH: 11    Dex: 14    Spells: 15/27 levels left

rFire   . . .      SeeInvis .   b - +1 mace (protect) {mace}
rCold   . . .      Faith    .   q - +0 kite shield
rNeg    . . .      Spirit   +   v - +4 troll leather armour {Snorg}
rPois   .          Reflect  .   (no helmet)
rElec   .          Harm     .   (no cloak)
rCorr   .          Rampage  .   h - +3 pair of gauntlets of War {Slay+5}
Will    +....                   (no boots)
Stlth   +.........              O - amulet "Tyecrie" {Regen+ Str+5}
HPRegen 2.61/turn               A - +4 ring of evasion
MPRegen 0.19/turn               E - +4 ring of evasion

@: glowing
A: fangs 3, regeneration 1, magic shield, antimagic bite, no potion heal 2
a: Renounce Religion, Divine Shield


You were on level 1 of the Lair of Beasts.
You worshipped the Shining One.
The Shining One was aware of your devotion.
You visited 3 branches of the dungeon, and saw 13 of its levels.
You visited the Abyss 1 time.
You also visited: Sewer and Bailey.

You collected 673 gold pieces.
You spent 364 gold pieces at shops.


Innate Abilities, Weirdness & Mutations

You have razor-sharp teeth.
Your natural rate of healing is unusually fast.
When hurt, damage is shared between your health and your magic reserves.
Your bite disrupts and absorbs the magic of your enemies.
Potions cannot restore your health.


   Skills:
 - Level 9.0 Fighting
 - Level 2.6 Maces & Flails
 - Level 6.2 Armour
 + Level 7.4 Dodging
 + Level 9.4 Shields
 - Level 8.1 Spellcasting
 - Level 7.4 Translocations
 + Level 1.6 Transmutations
 + Level 4.0 Invocations


You had 15 spell levels left.
You knew the following spells:

 Your Spells              Type           Power      Damage    Failure   Level
a - Blink                 Tloc           44%        N/A       2%          2
b - Manifold Assault      Tloc           22%        N/A       43%         5
c - Irradiate             Conj/Tmut      3%         3d14      100%        5

Your spell library contained the following spells:

 Spells                   Type           Power      Damage    Failure   Level
 Lesser Beckoning         Tloc           22%        N/A       5%          3
 Animate Skeleton         Necr           8%         N/A       36%         1
 Pain                     Necr           16%        1d4       36%         1
 Sublimation of Blood     Necr           4%         N/A       50%         2
 Vampiric Draining        Necr           4%         2d6       75%         3
 Ice Form                 Ice/Tmut       6%         N/A       95%         4
 Petrify                  Tmut/Erth      6%         N/A       95%         4
 Hailstorm                Conj/Ice       4%         3d4       98%         4
 Alistair's Intoxication  Tmut/Pois      4%         N/A       100%        5
 Borgnjor's Vile Clutch   Necr/Erth      2%         N/A       100%        5
 Eringya's Noxious Bog    Tmut/Pois      3%         N/A       100%        6
 Simulacrum               Ice/Necr       2%         N/A       100%        6

Inventory:

Hand Weapons
 b - a +1 mace of protection (weapon) {mace}
   (You took it off an orc on level 3 of the Dungeon)
 r - a +3 whip of flaming {mace}
   (You found it on level 2 of the Dungeon)
 S - a +0 quick blade {shortrare=g}
   (You found it on level 1 of the Lair of Beasts)
Missiles
 a - 4 throwing nets {=f!fthrowing}
 j - 2 curare-tipped darts (quivered) {=fthrowing}
 t - 35 poisoned darts {throwing}
Armour
 h - the +3 pair of gauntlets of War (worn) {Slay+5}
   (You acquired it on level 2 of the Lair of Beasts)

   Slay:      It affects your accuracy & damage with ranged weapons and melee
   (+5).
 l - a +0 chain mail
   (You found it on level 1 of the Dungeon)
 m - +2 acid dragon scales
   (You took it off Maggie on level 7 of the Dungeon)
 q - a +0 kite shield (worn)
   (You found it on level 2 of the Dungeon)
 v - a +4 troll leather armour (worn) {Snorg}
   (You found it on level 10 of the Dungeon)
 K - the +0 leather armour of Watchfulness {*Slow rN+++ rCorr Int-2}
   (You found it on level 6 of the Dungeon)

   Int:       It affects your intelligence (-2).
   rN:        It renders you almost immune to negative energy.
   rCorr:     It protects you from acid and corrosion.
   *Slow:     It may slow you when you take damage.
 N - the +0 robe "Baboijee" {Slay+5}
   (You found it on level 7 of the Dungeon)

   Slay:      It affects your accuracy & damage with ranged weapons and melee
   (+5).
Jewellery
 c - a ring of willpower
   (You found it on level 4 of the Dungeon)
 f - a +4 ring of protection
   (You found it on level 4 of the Dungeon)
 A - a +4 ring of evasion (left hand)
   (You found it on level 5 of the Dungeon)
 E - a +4 ring of evasion (right hand)
   (You found it on level 6 of the Dungeon)
 O - the amulet "Tyecrie" (around neck) {Regen+ Str+5}
   (You acquired it on level 2 of the Lair of Beasts)

   [amulet of regeneration]

   Str:       It affects your strength (+5).
   Regen:     It increases your rate of health regeneration.
Wands
 s - a wand of paralysis (7)
   (You took it off Pikel on level 5 of the Dungeon)
 B - a wand of mindburst (2)
   (You found it on level 5 of the Dungeon)
 D - a wand of flame (38)
   (You found it on level 5 of the Dungeon)
 J - a wand of charming (1)
   (You took it off a gnoll on level 10 of the Dungeon)
Scrolls
 d - 2 scrolls of vulnerability {!r!r}
 e - a scroll of holy word {unknown}
 g - a scroll of noise {!r}
 n - 2 scrolls of teleportation {@r4}
 p - 3 scrolls of immolation {!r!r}
 x - 3 scrolls of amnesia
 y - 3 scrolls of enchant weapon
 z - 3 scrolls of enchant armour
 G - 2 scrolls of blinking {unknown}
 H - 4 scrolls of fog
 I - a scroll of magic mapping {unknown}
 Q - a scroll of brand weapon {unknown}
Potions
 i - a potion of flight {unknown}
 o - 3 potions of mutation {unknown}
 u - a potion of brilliance {unknown}
 w - 2 potions of lignification {unknown}
 C - a potion of curing {@q1}
 F - 2 potions of heal wounds {unknown}
 L - 4 potions of attraction {unknown}
 M - 2 potions of ambrosia
 R - a potion of haste {unknown}
Miscellaneous
 k - a condenser vane {forbidden}
   (You found it on level 1 of the Lair of Beasts)
 P - a lightning rod (2/4)
   (You found it on level 10 of the Dungeon)

Dungeon Overview and Level Annotations

Branches:
Dungeon (10/15)            Temple (1/1) D:6            Lair (2/6) D:10
 Shoals (0/4) Lair:2        Snake (0/4) Lair:2          Orc (0/2) D:10
  Sewer (visited)          Bailey (visited)

Altars:
Ashenzari
Cheibriados
Dithmenos
Elyvilon
Fedhas
Gozag
Hepliaklqana
Kikubaaqudgha
Makhleb
Nemelex Xobeh
Okawaru
Qazlal
Ru
Sif Muna
Trog
Uskayaw
Vehumet
Wu Jian
Xom
Yredelemnul
Zin
The Shining One

Shops:
D:8 *

Annotations:
Lair:1 2 transporters, Bauqient's ghost, journeyman MfSu
Lair:2 Fannar

.#......#####.#.#..##.##.#.######
.##.....##.#..#.#.###..###.#.####
.................................
........###P.P####..##.####......
........####..###..###.#.##......
................................P
.....##..#.#..####.##......###...
.....#.#.##..#.##...##.....#####.
............°°○B@.>..............
...#..#.P..#P.######.....###.#.##
.................................
.....###......####..####.####...#
......##......####..#.##.####.###
.................................
##...####.#.#........###.#....P#.
.................................
.......#.#......#.###.#.#......##


You could see a boulder beetle (rolling).


Message History

The boulder beetle bites you!!
The boulder beetle bites you! 😮 HP[-22] MP[-9]
You take 22 damage, and now have 44/66 hp.
MASSIVE DAMAGE!! (PAUSE)
You lost 9 mp, and now have 16/25 mp.
You hit the boulder beetle but do no damage.
The boulder beetle bites you! 😮 HP[-5] MP[-3]
You take 5 damage, and now have 39/66 hp.
You lost 3 mp, and now have 13/25 mp.
You hit the boulder beetle but do no damage.
You bite the boulder beetle. You drain its power.
You feel invigorated. The boulder beetle barely misses you.
The boulder beetle bites you! 😮 HP[-4] MP[+1]
You take 4 damage, and now have 35/66 hp. 😮 HP[+3]
You regained 3 hp, and now have 38/66 hp.
The boulder beetle curls into a ball and begins rolling! 😮 HP[+3]
You regained 3 hp, and now have 41/66 hp. 😮 HP[+2] MP[+1]
You regained 2 hp, and now have 43/66 hp. 😮 HP[+3]
You regained 3 hp, and now have 46/66 hp. 😮 HP[+2]
You regained 2 hp, and now have 48/66 hp.
The boulder beetle closely misses you.
The boulder beetle stops rolling and uncurls. 😕 HP[+3]
You regained 3 hp, and now have 51/66 hp.
You hit the boulder beetle.
Your weapon exudes an aura of protection.
You bite the boulder beetle, but do no damage.
You block the boulder beetle's attack. 😕 HP[+4] MP[+1]
You regained 4 hp, and now have 55/66 hp.
You hit the boulder beetle. You bite the boulder beetle. You drain its power.
You feel invigorated.
The boulder beetle bites you but does no damage.
The boulder beetle bites you! 😕 HP[-2]
You take 2 damage, and now have 53/66 hp.
You hit the boulder beetle. You bite the boulder beetle! You drain its power.
You feel invigorated.
The boulder beetle barely misses you. 😕 HP[+4] MP[+1]
You regained 4 hp, and now have 57/66 hp.
You hit the boulder beetle. You bite the boulder beetle. You drain its power.
You feel invigorated.
The boulder beetle bites you. 😕 HP[+1] MP[+7]
You regained 7 mp, and now have 24/25 mp.
You hit the boulder beetle but do no damage.
The boulder beetle barely misses you.
The boulder beetle misses you. 😕 HP[+4] MP[+1]
You regained 4 hp, and now have 62/66 hp.
Your mp is fully restored (25).
You hit the boulder beetle.
You bite the boulder beetle, but do no damage.
The boulder beetle misses you. 😎 HP[+4]
Your hp is fully restored (66).
You sock the boulder beetle!
The boulder beetle bites you but does no damage.
The boulder beetle completely misses you.
You hit the boulder beetle.
You bite the boulder beetle, but do no damage.
You block the boulder beetle's attack.
You hit the boulder beetle.
The boulder beetle completely misses you.
The boulder beetle closely misses you.
You hit the boulder beetle but do no damage.
You bite the boulder beetle. You drain its power.
The boulder beetle completely misses you.
You hit the boulder beetle but do no damage.
You bite the boulder beetle, but do no damage.
The boulder beetle completely misses you.
You sock the boulder beetle!
You bite the boulder beetle, but do no damage.
The boulder beetle leaps! x2
The boulder beetle curls into a ball and begins rolling!
You hit the boulder beetle but do no damage.
Your weapon exudes an aura of protection.
The boulder beetle hits you!!!
Ouch! That really hurt!
* * * LOW HITPOINT WARNING * * *
The boulder beetle stops rolling and uncurls.
The boulder beetle misses you. 😨 HP[-36] MP[-14]
You take 36 damage, and now have 30/66 hp.
MASSIVE DAMAGE!! (PAUSE)
You lost 14 mp, and now have 11/25 mp.
The boulder beetle curls into a ball and begins rolling! 😨 HP[+2]
You regained 2 hp, and now have 32/66 hp. 😮 HP[+3]
You regained 3 hp, and now have 35/66 hp. 😮 HP[+2]
You regained 2 hp, and now have 37/66 hp.
The boulder beetle hits you!!!
Ouch! That really hurt!
You die...

Skill      XL: |  1  2  3  4  5  6  7  8  9 10 11 12 |
---------------+-------------------------------------+-----
Maces & Flails | 2 |  2.6
Spellcasting   | 1 2 3 4 5 7 8 |  8.1
Fighting       | 3 4 5 6 7 8 9 |  9.0
Shields        | 3 4 5 6 7 8 9 |  9.4
Dodging        | 1 2 3 4 5 6 7 |  7.4
Armour         | 3 4 5 6 |  6.2
Translocations | 1 4 6 7 |  7.4
Invocations    | 4 |  4.0
Transmutations | 1 |  1.6

Action                   |  1- 3 |  4- 6 |  7- 9 | 10-12 || total
-------------------------+-------+-------+-------+-------++-------
Melee: Flail             |    74 |    21 |       |       ||    95
       Bite              |    15 |    49 |   141 |   341 ||   546
       Whip              |       |    82 |       |       ||    82
       Mace              |       |    78 |   430 |   866 ||  1374
Throw: Dart              |       |       |       |    24 ||    24
       Throwing net      |       |       |       |     3 ||     3
       Stone             |       |       |       |     2 ||     2
Evoke: Wand              |       |       |     6 |     4 ||    10
       Lightning rod     |       |       |       |     3 ||     3
  Use: Scroll            |       |     2 |     7 |     9 ||    18
       Potion            |       |       |     1 |     2 ||     3
 Stab: Held in net/web   |       |       |       |     1 ||     1
Armor: Scale mail        |    12 |       |       |       ||    12
       Chain mail        |    11 |    91 |   157 |       ||   259
       Robe              |       |       |    20 |    61 ||    81
       Troll leather arm |       |       |       |   156 ||   156
Dodge: Dodged            |    25 |    45 |   292 |  1024 ||  1386
Block: Buckler           |    15 |     7 |       |       ||    22
       Kite shield       |       |    78 |   227 |   701 ||  1006

Levels and vault maps discovered:
D:1:      lemuel_arrival_cross, layout_loops_ring, ebering_ecumenical_altar_webs
D:2:      minmay_diamond_boxcup, layout_basic
D:3:      layout_basic, okawaru_ov_weapons_minmay, minmay_misc_feat_roman
D:4:      layout_gridville, uniq_menkaure
D:5:      layout_cave_pods, elyvilon_altar_1, makhleb_altar_promises_db,
          roderic_lattice_a, uniq_pikel
D:6:      layout_loops_ring, mainiacjoe_overflow_alcove_4,
          minmay_temple_entry_hall, portal_sewer_entry_f,
          minmay_stone_trees_small
D:7:      layout_loops_ring, mainiacjoe_overflow_boulevard, minmay_misc_feat_x,
          uniq_maggie
D:8:      layout_basic, xom_teletrap_fun, serial_shops, shop_fountains,
          amcnicky_mini_pool_medium, uniq_erica
D:9:      layout_loops_ring, lemuel_round_altar, enter_bailey_5
D:10:     layout_cave_pools, old_standard_altar,
          nicolae_hepliaklqana_ecumenical_no_more,
          nicolae_overflow_crystal_walls, david_lair_shrubbed, david_orc_4,
          serial_gnoll_camp, gnoll_camp_mini_loothouse,
          gnoll_camp_mini_sergeant, gnoll_camp_mini_hut,
          gnoll_camp_mini_doghouse, gnoll_camp_mini_basic, uniq_snorg,
          uniq_erolcha
Temple:   nicolae_temple_no_exploring_needed
Lair:1:   layout_long_grid, gammafunk_ghost_hive
Lair:2:   layout_roguey [special_room_bee], minmay_shoals_entry_centaurs,
          minmay_snake_entry_six_corridors, chequers_serial_rivers_room_a,
          chequers_serial_rivers_small_a, lemuel_fruit_fields, uniq_gastronok,
          uniq_sonja, uniq_fannar

Notes
Turn   | Place    | Note
-------+----------+-------------------------------------------
     0 | D:1      | GrayStillPlays the Vine Stalker Fighter began the quest for
                  | the Orb.
     0 | D:1      | Reached XP level 1. HP: 11/11 MP: 2/2
     0 | D:1      | magus.rc [v1.9.6]
   247 | D:1      | Reached XP level 2. HP: 16/16 MP: 3/3
   480 | D:1      | Reached skill level 2 in Maces & Flails
   691 | D:1      | Found a faded altar of an unknown god.
  1009 | D:1      | Reached XP level 3. HP: 19/19 MP: 5/5
  1011 | D:1      | HP: 4/19 [gnoll (3)]
  1469 | D:2      | Reached skill level 1 in Spellcasting
  1619 | D:2      | Reached skill level 3 in Fighting
  1619 | D:2      | Reached skill level 3 in Shields
  1859 | D:2      | Gained mutation: Your natural rate of healing is unusually
                  | fast. [Vine Stalker growth]
  1859 | D:2      | Reached XP level 4. HP: 21/24 MP: 6/6
  1878 | D:2      | Reached skill level 1 in Dodging
  2427 | D:3      | Found an iron altar of Okawaru.
  2614 | D:3      | Reached XP level 5. HP: 28/28 MP: 4/8
  3407 | D:4      | Reached skill level 3 in Armour
  3429 | D:4      | You add the spells Alistair's Intoxication, Borgnjor's Vile
                  | Clutch and Eringya's Noxious Bog to your library.
  3522 | D:3      | Reached skill level 2 in Spellcasting
  3536 | D:3      | Reached XP level 6. HP: 32/32 MP: 10/10
  4156 | D:4      | Noticed Menkaure
  4167 | D:4      | Killed Menkaure
  4168 | D:4      | Reached skill level 2 in Dodging
  4242 | D:5      | Entered Level 5 of the Dungeon
  4389 | D:5      | Reached XP level 7. HP: 25/37 MP: 10/12
  4455 | D:5      | Reached skill level 4 in Shields
  4455 | D:5      | Reached skill level 3 in Spellcasting
  4504 | D:5      | Identified the +0 ring mail of Infinity {rF+ rCorr}
  4541 | D:5      | Reached skill level 4 in Fighting
  4555 | D:5      | You pick up a book of Necromancy and begin reading...
  4555 | D:5      | You add the spells Pain, Animate Skeleton and Vampiric
                  | Draining to your library.
  4611 | D:5      | Found a burning altar of Makhleb.
  4611 | D:5      | Noticed a blizzard demon
  4796 | D:5      | Found a white marble altar of Elyvilon.
  5121 | D:5      | Noticed Pikel
  5228 | D:6      | Gained mutation: You have razor-sharp teeth. [Vine Stalker
                  | growth]
  5228 | D:6      | Reached XP level 8. HP: 42/42 MP: 14/14
  5256 | D:6      | Reached skill level 4 in Armour
  5256 | D:6      | Reached skill level 3 in Dodging
  5288 | D:6      | Found a radiant altar of Vehumet.
  5378 | D:6      | Found a staircase to the Ecumenical Temple.
  5430 | D:6      | Found a glowing drain.
  5448 | Sewer    | Entered a sewer
  5483 | Sewer    | Reached skill level 4 in Spellcasting
  6122 | D:6      | Reached skill level 5 in Shields
  6128 | D:6      | Reached skill level 5 in Fighting
  6299 | D:6      | Identified the +0 leather armour of Watchfulness {*Slow
                  | rN+++ rCorr Int-2}
  6596 | Temple   | Entered the Ecumenical Temple
  6694 | D:7      | Found a basalt altar of Yredelemnul.
  6836 | D:7      | Reached XP level 9. HP: 47/47 MP: 15/17
  6998 | D:7      | Noticed Maggie
  7121 | D:7      | Reached skill level 4 in Dodging
  7345 | D:8      | Noticed a hornet
  7350 | D:8      | Killed a hornet
  7351 | D:8      | Reached skill level 5 in Armour
  7351 | D:8      | Reached skill level 5 in Spellcasting
  7353 | D:8      | Noticed a hornet
  7359 | D:8      | Paralysed by a hornet for 1 turns
  7369 | D:8      | Paralysed by a hornet for 3 turns
  7372 | D:8      | Killed a hornet
  7436 | D:7      | Identified the +0 robe "Baboijee" {Slay+5}
  7579 | D:8      | Noticed a troll
  7586 | D:8      | Killed a troll
  7610 | D:8      | Found Ingyudid's General Store.
  7618 | D:8      | Bought a book of Spatial Translocations for 364 gold pieces
  7618 | D:8      | You pick up a book of Spatial Translocations and begin
                  | reading...
  7618 | D:8      | You add the spells Blink, Lesser Beckoning and Manifold
                  | Assault to your library.
  7621 | D:8      | Learned a level 2 spell: Blink
  7645 | D:8      | Found a shimmering altar of Xom.
  7863 | D:8      | Noticed a boulder beetle
  7937 | D:9      | Found a flagged portal.
  7977 | D:9      | Reached skill level 6 in Shields
  8009 | Bailey   | Entered a bailey
  8017 | Bailey   | Reached skill level 6 in Fighting
  8017 | Bailey   | Reached skill level 1 in Translocations
  8048 | Bailey   | HP: 8/48 [human (9)]
  8050 | Bailey   | Reached XP level 10. HP: 9/53 MP: 7/19
  8057 | Bailey   | HP: 10/53 [human (5)]
  8117 | Bailey   | Reached skill level 6 in Spellcasting
  8117 | Bailey   | Reached skill level 2 in Translocations
  8132 | Bailey   | Noticed Prince Ribbit
  8140 | Bailey   | Noticed a vault guard
  8200 | D:9      | Killed Prince Ribbit
  8201 | D:9      | Reached skill level 6 in Armour
  8201 | D:9      | Reached skill level 3 in Translocations
  8292 | D:9      | Paralysed by a hornet for 3 turns
  8411 | D:9      | Noticed a two-headed ogre
  8465 | D:9      | Found an ornate altar of the Wu Jian Council.
  8580 | D:9      | You pick up a book of Alchemy and begin reading...
  8580 | D:9      | You add the spells Sublimation of Blood, Petrify and
                  | Irradiate to your library.
  8693 | D:9      | Killed a two-headed ogre
  8694 | D:9      | Reached skill level 7 in Fighting
  8694 | D:9      | Reached skill level 7 in Shields
  8709 | D:9      | Reached skill level 4 in Translocations
  8776 | D:9      | Reached skill level 7 in Spellcasting
  9137 | D:8      | Noticed Erica
  9144 | D:8      | Killed Erica
  9145 | D:8      | Reached skill level 5 in Dodging
  9145 | D:8      | Reached XP level 11. HP: 49/58 MP: 18/22
  9238 | D:8      | Killed a boulder beetle
  9309 | D:7      | Killed Maggie
  9773 | D:5      | Killed Pikel
 10193 | D:10     | Entered Level 10 of the Dungeon
 10209 | D:9      | Reached skill level 5 in Translocations
 10749 | D:10     | Found a staircase to the Lair.
 10764 | D:10     | Found a glowing golden altar of the Shining One.
 10771 | D:10     | Became a worshipper of the Shining One
 10863 | D:10     | Found a sparkling altar of Nemelex Xobeh.
 11043 | D:10     | Noticed Snorg
 11058 | D:10     | Killed Snorg
 11112 | D:10     | You are cast into the Abyss!
 11112 | D:10     | Cast into level 1 of the Abyss (gnoll)
 11113 | Abyss:1  | Noticed a brown ugly thing
 11133 | Abyss:1  | Noticed a vampire mage
 11136 | D:10     | You pass through the gate.
 11136 | D:10     | Escaped the Abyss
 11193 | D:10     | Noticed Erolcha
 11204 | D:10     | Killed Erolcha
 11205 | D:10     | Reached skill level 8 in Fighting
 11205 | D:10     | Reached skill level 8 in Shields
 11205 | D:10     | Reached skill level 8 in Spellcasting
 11314 | D:10     | Found a faded altar of an unknown god.
 11314 | D:10     | Found a faded altar of an unknown god.
 11316 | D:10     | Found a faded altar of an unknown god.
 11316 | D:10     | Found a hazy altar of Hepliaklqana.
 11444 | D:10     | Found a staircase to the Orcish Mines.
 11635 | Lair:1   | Entered Level 1 of the Lair of Beasts
 11644 | Lair:1   | You pick up a book of the Tundra and begin reading...
 11644 | Lair:1   | You add the spells Hailstorm, Ice Form and Simulacrum to
                  | your library.
 11651 | Lair:1   | Learned a level 5 spell: Manifold Assault
 11655 | Lair:1   | Noticed a five-headed hydra
 11670 | Lair:1   | Killed a five-headed hydra
 11671 | Lair:1   | Reached skill level 6 in Dodging
 11761 | Lair:1   | Noticed a five-headed hydra
 11778 | Lair:1   | Killed a five-headed hydra
 11779 | Lair:1   | Reached skill level 6 in Translocations
 11837 | Lair:1   | Reached XP level 12. HP: 54/65 MP: 20/25
 11978 | Lair:1   | Noticed Bauqient's ghost (journeyman MfSu)
 12073 | Lair:1   | Noticed a five-headed hydra
 12093 | Lair:1   | Killed a five-headed hydra
 12158 | Lair:1   | Reached skill level 1 in Invocations
 12197 | Lair:1   | S - a +0 quick blade {shortrare=g}
 12301 | Lair:2   | Reached * piety under the Shining One
 12409 | Lair:1   | Reached skill level 2 in Invocations
 12444 | Lair:1   | Reached skill level 7 in Translocations
 12583 | Lair:1   | Reached skill level 9 in Fighting
 12583 | Lair:1   | Reached skill level 9 in Shields
 12654 | Lair:1   | Reached skill level 7 in Dodging
 12782 | Lair:1   | Found a transporter.
 12799 | Lair:1   | Found a transporter.
 12965 | Lair:2   | Identified 2 scrolls of acquirement
 12966 | Lair:2   | Acquired the amulet "Tyecrie" {Regen+ Str+5}
 13078 | Lair:2   | Acquired the +3 pair of gauntlets of War {Slay+5}
 13078 | Lair:2   | Found the +3 pair of gauntlets of War {Slay+5}
 13110 | Lair:2   | Found a staircase to the Snake Pit.
 13141 | Lair:1   | Reached skill level 3 in Invocations
 13401 | Lair:2   | Learned a level 5 spell: Irradiate
 13517 | Lair:2   | Found a staircase to the Shoals.
 13586 | Lair:2   | Reached skill level 1 in Transmutations
 13670 | Lair:2   | Reached skill level 4 in Invocations
 13712 | Lair:2   | Noticed Fannar
 13745 | Lair:2   | Noticed a boulder beetle
 13803 | Lair:1   | Slain by a boulder beetle

Vanquished Creatures
  Snorg (D:10)
  A boulder beetle (D:8)
  3 hydras (Lair:1)
  Erolcha (D:10)
  Erica (D:8)
  A two-headed ogre (D:9)
  Pikel (D:5)
  5 black mambas (Lair:1)
  Maggie (D:7)
  2 komodo dragons
  A troll (D:8)
  A queen bee (Lair:1)
  3 hornets
  Prince Ribbit (D:9)
  11 blink frogs
  A shadow (D:9)
  A wraith (D:9)
  10 yaks
  A wyvern (Lair:1)
  6 humans
  2 basilisks (Lair:2)
  3 vampire mosquitoes
  Menkaure (D:4)
  12 water moccasins
  6 orc warriors
  2 ice beasts
  A black bear (Lair:2)
  2 necrophages
  A black bear (shapeshifter) (D:9)
  2 ogres (D:5)
  6 centaurs
  2 lemures (D:5)
  A phantom (D:6)
  7 kobold brigands
  7 bullfrogs
  3 gnoll sergeants
  A scorpion (Lair:1)
  A water moccasin skeleton (D:5)
  24 killer bees
  An electric eel (D:8)
  5 centaur zombies
  3 howler monkeys
  10 hounds
  A jelly (D:6)
  2 gnoll shamans
  4 orc priests
  A bullfrog skeleton (D:7)
  7 orc wizards
  A hound skeleton (D:4)
  A howler monkey zombie (D:7)
  34 gnolls
  5 adders
  A river rat (Sewer)
  3 white imps
  An ufetubus (D:7)
  An adder skeleton (D:4)
  6 worms
  4 dart slugs
  35 orcs
  8 ball pythons
  4 bats (D:1)
  12 endoplasms
  3 giant cockroaches (D:6)
  15 goblins
  10 hobgoblins
  11 jackals
  24 kobolds
  2 quokkas
  A frilled lizard (D:3)
  10 rats
363 creatures vanquished.

Vanquished Creatures (others)
  10 fungi
  33 plants
43 creatures vanquished.

Grand Total: 406 creatures vanquished

Table legend:
 A = Non-vault XP
 B = Vault XP
 C = Vault XP percentage of total XP
 D = Non-vault monster count
 E = Vault monster count
 F = Vault count percentage of total count
                 A         B        C        D         E       F
            +---------+---------+-------+---------+---------+-------
      Total |   17367 |   13415 |  43.6 |     215 |     146 |  40.4
            +---------+---------+-------+---------+---------+-------
        D:1 |      53 |       0 |   0.0 |      20 |       0 |   0.0
        D:2 |      59 |      18 |  23.4 |      19 |       9 |  32.1
        D:3 |     179 |       0 |   0.0 |      30 |       0 |   0.0
        D:4 |      75 |     175 |  70.0 |      14 |       1 |   6.7
        D:5 |     612 |     663 |  52.0 |      11 |       1 |   8.3
        D:6 |     679 |       8 |   1.2 |      22 |       4 |  15.4
        D:7 |     831 |     415 |  33.3 |      15 |       1 |   6.2
        D:8 |    1996 |    1116 |  35.9 |       8 |       3 |  27.3
        D:9 |    2945 |     939 |  24.2 |      36 |      12 |  25.0
       D:10 |     181 |    3433 |  95.0 |       5 |      42 |  89.4
     Lair:1 |    7637 |    3797 |  33.2 |      25 |      27 |  51.9
     Lair:2 |    2120 |    1105 |  34.3 |      10 |      11 |  52.4
      Sewer |       0 |     436 | 100.0 |       0 |      19 | 100.0
     Bailey |       0 |    1310 | 100.0 |       0 |      16 | 100.0
            +---------+---------+-------+---------+---------+-------

Illustrated notes

Table legend:
 A = Kills in this place as a percentage of kills in entire the game.
 B = Kills by you in this place as a percentage of kills by you in the entire game.
 C = Kills by friends in this place as a percentage of kills by friends in the entire game.
 D = Other kills in this place as a percentage of other kills in the entire game.
 E = Experience gained in this place as a percentage of experience gained in the entire game.
 F = Experience gained in this place divided by the number of levels of this place that you have seen.
                   A       B       C       D       E      F
               +-------+-------+-------+-------+-------+----------------------
         Total | 100.0 | 100.0 |   N/A |   N/A | 100.0 | 1923.9
       Dungeon |  70.1 |  70.1 |   N/A |   N/A |  46.7 | 1437.7
          Lair |  20.2 |  20.2 |   N/A |   N/A |  47.6 | 7329.5
         Sewer |   5.3 |   5.3 |   N/A |   N/A |   1.4 | 436.0
        Bailey |   4.4 |   4.4 |   N/A |   N/A |   4.3 | 1310.0
               +-------+-------+-------+-------+-------+----------------------

Table legend: (Time is in decaauts)
 A = Elapsed time spent in this place.
 B = Non-inter-level travel time spent in this place.
 C = Inter-level travel time spent in this place.
 D = Time resting spent in this place.
 E = Time spent auto-exploring this place.
 F = Levels seen in this place.
 G = Mean time per level.
                   A        B        C        D        E       F      G
               +--------+--------+--------+--------+--------+-----+--------+
         Total |  14562 |  13430 |   1132 |   1266 |   3583 |  16 |  910.1 |
       Dungeon |  11512 |  10445 |   1067 |   1004 |   3578 |  10 | 1151.2 |
        Temple |      1 |      1 |      0 |      0 |      0 |   1 |    1.0 |
          Lair |   2359 |   2294 |     65 |    224 |      0 |   2 | 1179.5 |
         Abyss |     24 |     24 |      0 |      0 |      0 |   1 |   24.0 |
         Sewer |    478 |    478 |      0 |      0 |      5 |   1 |  478.0 |
        Bailey |    186 |    186 |      0 |     38 |      0 |   1 |  186.0 |
               +--------+--------+--------+--------+--------+-----+--------+

Top non-repeatable levels by time:
  Lair:1: 1529 daAuts
     D:1: 1478 daAuts
     D:5: 1425 daAuts
    D:10: 1348 daAuts
     D:6: 1260 daAuts
     D:9: 1222 daAuts
     D:4: 1028 daAuts
     D:2: 1019 daAuts
     D:7: 1011 daAuts
     D:3: 980 daAuts
  Lair:2: 830 daAuts
     D:8: 737 daAuts
   Sewer: 478 daAuts
  Bailey: 186 daAuts
 Abyss:1: 24 daAuts
